 Dungeon Crawl Stone Soup version 0.31-a0-278-g485e682e34 (webtiles) character file.

Game seed: 1536629539208526348

19026 AdnanSaban the Basher (level 12, -2/79 HPs)
             Began as a Gargoyle Fighter on July 16, 2023.
             Was the Champion of Okawaru.
             Slain by a black mamba (7 damage)
             ... on level 1 of the Lair of Beasts.
             The game lasted 00:27:56 (15092 turns).

AdnanSaban the Basher (Gargoyle Fighter)           Turns: 15092, Time: 00:27:56

Health: -2/79      AC: 30    Str: 27    XL:     12   Next: 64%
Magic:  10/12      EV:  9    Int:  9    God:    Okawaru [******]
Gold:   866        SH:  6    Dex:  9    Spells: 11/11 levels left

rFire   + . .        a - +7 morningstar
rCold   + . .        c - +0 buckler
rNeg    + + .        K - +0 plate armour
rPois   ∞            C - +0 hat
rElec   +            b - scarf {rC+ rF+}
rCorr   .            (no gloves)
SInv    +            Q - +2 pair of boots of Trial and Error {rElec Str+2}
Will    .....        (no amulet) Stlth
                     z - ring of positive energy
HPRegen 0.33/turn    u - ring of see invisible
MPRegen 0.13/turn

%: no passive effects
@: heroic
A: sickness immunity, AC +8, negative energy resistance 1, electricity
resistance, torment resistance 1, petrification resistance
a: Renounce Religion, Heroism, Finesse, Duel


You were on level 1 of the Lair of Beasts.
You worshipped Okawaru.
Okawaru was exalted by your worship.
You visited 2 branches of the dungeon, and saw 15 of its levels.

You collected 866 gold pieces.

Inventory:

Hand Weapons
 a - a +7 morningstar (weapon)
 l - a +4 mace of protection
Missiles
 P - a throwing net
Armour
 b - a scarf of resistance (worn)
 c - a +0 buckler (worn)
 C - a +0 hat (worn)
 K - a +0 plate armour (worn)
 Q - the +2 pair of boots of Trial and Error (worn) {rElec Str+2}
   (Okawaru gifted it to you on level 1 of the Lair of Beasts)

   Str:       It affects your strength (+2).
   rElec:     It insulates you from electricity.
Jewellery
 s - a ring of magical power
 u - a ring of see invisible (right hand)
 z - a ring of positive energy (left hand)
 O - the ring of Tosel {Contam rCorr Int+9 Dex-3 Stlth+}
   (You found it on level 12 of the Dungeon)

   [ring of resist corrosion]

   Int:       It affects your intelligence (+9).
   Dex:       It affects your dexterity (-3).
   Contam:    It causes magical contamination when unequipped.
   rCorr:     It protects you from acid and corrosion.
   Stlth:     It makes you more stealthy.
Talismans
 g - a talisman of death
Wands
 B - a wand of charming (18)
 D - a wand of digging (3)
 F - a wand of acid (12)
 H - a wand of polymorph (5)
 M - a wand of mindburst (12)
 N - a wand of roots (11)
Scrolls
 f - 2 scrolls of fog {unknown}
 i - 3 scrolls of torment {unknown}
 j - 6 scrolls of teleportation {unknown}
 k - a scroll of immolation {unknown}
 m - a scroll of enchant weapon {unknown}
 n - 3 scrolls of amnesia {unknown}
 p - a scroll of blinking {unknown}
 v - 2 scrolls of vulnerability {unknown}
 y - 15 scrolls of identify {unknown}
 A - a scroll of noise {unknown}
 E - a scroll of fear {unknown}
 G - 4 scrolls of revelation {unknown}
 L - a scroll of poison {unknown}
Potions
 d - 3 potions of might
 e - 3 potions of attraction {unknown}
 h - 2 potions of mutation {unknown}
 o - 5 potions of curing
 q - 2 potions of cancellation {unknown}
 r - 2 potions of ambrosia {unknown}
 t - a potion of heal wounds {unknown}
 w - 2 potions of resistance {unknown}
 x - 3 potions of brilliance {unknown}
 I - 2 potions of enlightenment {unknown}
 J - a potion of degeneration {unknown}


   Skills:
 + Level 10.6(15.6) Fighting
 + Level 14.1(19.1) Maces & Flails
 + Level 12.0(17.0) Armour
 + Level 7.3(12.3) Shields


You had 11 spell levels left.
You didn't know any spells.
Your spell library contained the following spells:

 Spells                   Type           Power      Damage    Failure   Level
 Kiss of Death            Conj/Necr      0%         2d5       95%         1
 Confusing Touch          Hex            0%         N/A       100%        3
 Frozen Ramparts          Ice            0%         1d1       100%        3
 Portal Projectile        Hex/Tloc       0%         N/A       100%        3
 Dispel Undead            Necr           0%         3d6       100%        4
 Leda's Liquefaction      Hex/Erth       0%         N/A       100%        4
 Petrify                  Tmut/Erth      0%         N/A       100%        4
 Alistair's Intoxication  Tmut/Pois      0%         N/A       100%        5
 Borgnjor's Vile Clutch   Necr/Erth      0%         N/A       100%        5
 Metabolic Englaciation   Hex/Ice        0%         N/A       100%        5
 Eringya's Noxious Bog    Tmut/Pois      0%         4d6       100%        6
 Call Canine Familiar     Summ           Unusable   N/A       N/A         3

Dungeon Overview and Level Annotations

Branches:
Dungeon (13/15)            Temple (0/1) D:6            Lair (2/5) D:11
    Orc (0/2) D:10
  Swamp: Lair:2-3    Shoals: Lair:2-3     Snake: Lair:2-3    Spider: Lair:2-3
 Vaults: D:13-14

Altars:
Cheibriados
Elyvilon
Gozag
Nemelex Xobeh
Okawaru
Ru
The Shining One

Shops:
D:2 !   D:8 (


Innate Abilities, Weirdness & Mutations

You are immune to sickness and miasma.
Your stone body is resilient. (AC +8)
You are immune to poison.
You resist negative energy. (rN+)
You are resistant to electric shocks. (rElec)
You are resistant to unholy torment.
You are immune to petrification.


Message History

You bludgeon the wolf!!
You kill the wolf!
Okawaru accepts your kill.
The black mamba bites you but does no damage.
The wolf bites you but does no damage. The wolf attacks as you move away!
The wolf bites you but does no damage.
The black mamba attacks as you move away!
The black mamba barely misses you.
The black mamba bites you but does no damage.
You puncture the black mamba!
The black mamba is moderately wounded.
The black mamba bites you!
* * * LOW HITPOINT WARNING * * *
The black mamba attacks as you move away!
You block the black mamba's attack. The black mamba barely misses you.
The wolf bites you but does no damage.
It was a potion of curing.
You feel better. The black mamba bites you.
* * * LOW HITPOINT WARNING * * *
You block the wolf's attack. The black mamba bites you.
* * * LOW HITPOINT WARNING * * *
You block the cane toad's attack.
You feel better. The wolf completely misses you.
The black mamba bites you but does no damage.
The cane toad stings you.
* * * LOW HITPOINT WARNING * * *
The black mamba bites you but does no damage.
You feel better. The wolf bites you but does no damage.
You block the black mamba's attack. The cane toad completely misses you.
You block the wolf's attack. The black mamba misses you.
You gain the combat prowess of a mighty hero.
You block the wolf's attack.
The black mamba bites you but does no damage.
The cane toad stings you!
* * * LOW HITPOINT WARNING * * *
The wolf barely misses you.
You crush the wolf like a grape!!!
You kill the wolf!
Okawaru accepts your kill. The black mamba bites you!
You die...

.................................
.................................
...............(.................
.####.##.##....(.....####...#P##.
.#...............((..####...#####
................(PP....##...####.
.+.............(((...........##..
.#........#.................+....
.#....)...#....†@F(.#.###...###..
.#..............#S.######...'.+..
.######.#...................####'
.........^......h...........# ##.
...........♣♣♣..............###..
..........♣# #♣..................
..........♣ ♣..................
..........♣# #♣...............#.#
..P.###.#..♣♣♣...####.##....#....


You could see a black mamba and a cane toad.

Vanquished Creatures
  Harold (Lair:1)
  Erica (D:8)
  An ice dragon (D:10)
  A boulder beetle (D:12)
  A two-headed ogre (D:12)
  A centaur warrior (D:10)
  2 cyclopes (D:12)
  A black mamba (Lair:1)
  3 cane toads (Lair:1)
  A gargoyle (D:11)
  A kobold demonologist (D:11)
  2 unseen horrors
  4 komodo dragons
  3 trolls
  5 blink frogs (D:11)
  3 slime creatures (D:12)
  2 wraiths (D:10)
  23 yaks
  A steam dragon (D:11)
  3 vampire mosquitoes (D:8)
  An acid dragon (D:11)
  4 water moccasins
  2 orc warriors
  2 sky beasts (D:7)
  2 black bears
  3 ice beasts (D:6)
  5 wolves (Lair:1)
  7 centaurs
  2 ogres
  A phantom (D:7)
  2 kobold brigands
  3 bullfrogs
  A scorpion (D:7)
  13 wights
  11 killer bees
  6 howler monkeys
  2 electric eels (D:8)
  A jelly (D:7)
  3 gnoll boudas
  3 hounds
  2 orc priests (D:6)
  4 sleepcaps
  Terence (D:2)
  4 iguanas
  7 orc wizards
  Robin (D:2)
  13 gnolls
  15 adders
  A shadow imp (D:7)
  3 ufetubi
  2 worms
  6 dart slugs
  17 orcs
  9 endoplasms
  3 giant cockroaches
  16 goblins
  7 hobgoblins
  A jackal (D:3)
  A quokka (D:1)
  12 ball pythons
  6 bats
  4 frilled lizards
  13 kobolds
  6 rats
288 creatures vanquished.

Vanquished Creatures (others)
  A wight (D:8)
  A goblin (D:2)
2 creatures vanquished.

Grand Total: 290 creatures vanquished

Notes
Turn   | Place    | Note
-------+----------+-------------------------------------------
     0 | D:1      | AdnanSaban the Gargoyle Fighter began the quest for the
                  | Orb.
     0 | D:1      | Reached XP level 1. HP: 14/14 MP: 1/1
    56 | D:1      | Reached XP level 2. HP: 14/19 MP: 2/2
   236 | D:1      | Reached XP level 3. HP: 24/24 MP: 3/3
   755 | D:1      | Reached skill level 3 in Maces & Flails
   949 | D:2      | Noticed Terence
   951 | D:2      | Reached XP level 4. HP: 29/29 MP: 4/4
   969 | D:2      | Killed Terence
  1067 | D:2      | Noticed Robin
  1100 | D:2      | Reached XP level 5. HP: 28/33 MP: 5/5
  1105 | D:2      | Killed Robin
  1183 | D:2      | Found a faded altar of an unknown god.
  1320 | D:2      | Found Cirob's Distillery.
  1341 | D:2      | Found a sacrificial altar of Ru.
  1798 | D:3      | Reached skill level 4 in Maces & Flails
  1805 | D:3      | Identified the +0 helmet "Ysmaede" {Harm rN+ Int-4 Dex+3
                  | SInv}
  1908 | D:3      | Found a sparkling altar of Nemelex Xobeh.
  1908 | D:3      | Found an opulent altar of Gozag.
  2133 | D:3      | Found a snail-covered altar of Cheibriados.
  2428 | D:4      | Reached XP level 6. HP: 38/38 MP: 6/6
  3153 | D:5      | Entered Level 5 of the Dungeon
  3153 | D:5      | Found an iron altar of Okawaru.
  3173 | D:5      | Became a worshipper of Warmaster Okawaru
  3202 | D:5      | Reached skill level 5 in Maces & Flails
  3202 | D:5      | Reached XP level 7. HP: 9/44 MP: 7/7
  3517 | D:6      | Reached skill level 5 in Armour
  3522 | D:6      | Reached * piety under Okawaru
  3671 | D:5      | Reached skill level 6 in Maces & Flails
  4060 | D:6      | Reached XP level 8. HP: 37/48 MP: 8/8
  4132 | D:6      | Found a staircase to the Ecumenical Temple.
  4351 | D:6      | Reached skill level 5 in Fighting
  4533 | D:6      | Reached skill level 7 in Maces & Flails
  4542 | D:6      | Reached ** piety under Okawaru
  4857 | D:6      | Reached skill level 5 in Shields
  5330 | D:7      | Reached skill level 8 in Maces & Flails
  5330 | D:7      | Reached XP level 9. HP: 31/55 MP: 9/9
  5933 | D:8      | Reached *** piety under Okawaru
  6032 | D:7      | Reached skill level 9 in Maces & Flails
  6193 | D:8      | Found Ygayxer's Weapon Shoppe.
  6680 | D:8      | Reached XP level 10. HP: 63/63 MP: 10/10
  6737 | D:8      | Noticed Erica
  6748 | D:8      | Killed Erica
  6748 | D:8      | Reached **** piety under Okawaru
  6749 | D:8      | Reached skill level 10 in Maces & Flails
  7927 | D:8      | Reached ***** piety under Okawaru
  8075 | D:8      | Reached skill level 11 in Maces & Flails
  8165 | D:9      | You fall into a shaft and drop 3 floors!
  8210 | D:10     | Entered Level 10 of the Dungeon
  8528 | D:10     | Found a glowing golden altar of the Shining One.
  8578 | D:10     | Found a staircase to the Orcish Mines.
  8710 | D:10     | Found a white marble altar of Elyvilon.
  9007 | D:10     | Noticed a centaur warrior
  9018 | D:10     | Killed a centaur warrior
  9019 | D:10     | Reached XP level 11. HP: 39/69 MP: 11/11
  9160 | D:10     | Noticed an ice dragon
  9836 | D:11     | Identified the +6 dagger of the Coin {antimagic, rF++ rN+}
  9860 | D:11     | Found a staircase to the Lair.
  9909 | D:11     | Reached skill level 12 in Maces & Flails
 10200 | D:11     | Identified the -1 pair of boots of Umpum {Int+4} (Okawaru
                  | gifted it to you on level 11 of the Dungeon)
 10200 | D:11     | Received a gift from Okawaru
 10553 | D:11     | Reached skill level 10 in Armour
 10945 | D:12     | Noticed a two-headed ogre
 10958 | D:12     | Killed a two-headed ogre
 11129 | D:12     | Identified the ring of Tosel {Contam rCorr Int+9 Dex-3
                  | Stlth+}
 11153 | D:12     | Noticed a cyclops
 11160 | D:12     | Killed a cyclops
 11525 | D:12     | Noticed a boulder beetle
 11579 | D:12     | Killed a boulder beetle
 11673 | D:12     | Noticed a cyclops
 11682 | D:12     | Killed a cyclops
 11871 | D:12     | Reached skill level 13 in Maces & Flails
 12152 | D:10     | Killed an ice dragon
 12491 | D:13     | Noticed an orc knight
 12562 | D:13     | Noticed a centaur warrior
 12607 | Lair:1   | Entered Level 1 of the Lair of Beasts
 12625 | D:11     | Reached XP level 12. HP: 37/77 MP: 12/12
 13180 | Lair:1   | Noticed Harold
 13257 | D:11     | Reached skill level 10 in Fighting
 13453 | D:11     | Reached ****** piety under Okawaru
 14226 | Lair:1   | Killed Harold
 14619 | Lair:1   | Reached skill level 14 in Maces & Flails
 14778 | Lair:1   | Identified the +2 pair of boots of Trial and Error {rElec
                  | Str+2} (Okawaru gifted it to you on level 1 of the Lair of
                  | Beasts)
 14778 | Lair:1   | Received a gift from Okawaru
 15092 | Lair:1   | Slain by a black mamba

Illustrated notes

Levels and vault maps discovered:
D:1:      ldierk_walled_garden, layout_basic, minmay_hexomino_p4
D:2:      layout_loops_ring, serial_shops, nicolae_shop_waterfront,
          hellmonk_ecumenical_altar_pennies_from_heaven, basic_altar,
          uniq_terence, uniq_robin
D:3:      layout_basic, mainiacjoe_overflow_paths,
          grunt_temple_overflow_opulence, minmay_cupped
D:4:      layout_loops_ring
D:5:      layout_loops_ring, okawaru_trees_1
D:6:      layout_basic, minmay_temple_entry_sparse_star, grunt_tough_drop
D:7:      minmay_general_purpose_star, layout_rooms, serial_glass,
          glass_columns_a, glass_columns_a, glass_columns_a, glass_columns_a,
          minmay_quadrilaterals
D:8:      layout_basic, serial_shops, shop, serial_bayou_lagoon_b, uniq_erica
D:9:      layout_basic
D:10:     layout_irregular_city, mainiacjoe_overflow_brackets,
          mainiacjoe_overflow_alcove_1, orc_0_dummy, st_stairs_5,
          kennysheep_doodads, minmay_three_doors
D:11:     layout_basic, lair_entry_dummy, minmay_misc_feat_alley
D:12:     layout_loops_corners
D:13:     layout_long_grid, tgw_xom, uniq_rupert
Lair:1:   layout_regular_city, minmay_stone_trees_small,
          chequers_serial_rivers_micro_b, serial_bayou_shore_b,
          serial_bayou_shore_b, infiniplex_staircase_pool_2, lemuel_fruit_tree,
          uniq_harold
Lair:2:   layout_cave_shapes, skrybe_swamp_entry_bodies, serial_bayou_shore_a,
          grunt_megastairs_3

Skill      XL: |  1  2  3  4  5  6  7  8  9 10 11 12 |
---------------+-------------------------------------+-----
Maces & Flails | 3 4 5 6 8 9 11 13 14 | 14.1
Armour         | 4 5 6 7 9 10 12 | 12.0
Shields        | 4 5 6 7 |  7.3
Fighting       | 4 5 7 8 9 10 | 10.6

Action                     |  1- 3 |  4- 6 |  7- 9 | 10-12 || total
---------------------------+-------+-------+-------+-------++-------
  Melee: Flail             |   118 |    87 |       |       ||   205
         Mace              |       |   110 |   339 |       ||   449
         Morningstar       |       |       |    47 |   555 ||   602
 Invoke: Heroism           |       |       |       |     1 ||     1
    Use: Potion            |       |       |       |     3 ||     3
 Armour: Scale mail        |    72 |   126 |   141 |       ||   339
         Chain mail        |       |       |   126 |       ||   126
         Skin              |       |       |     2 |       ||     2
         Plate armour      |       |       |     8 |   508 ||   516
  Dodge: Dodged            |    67 |    95 |   212 |   240 ||   614
  Block: Buckler           |    39 |    37 |    98 |   163 ||   337

Table legend: (Time is in decaauts)
 A = Elapsed time spent in this place.
 B = Non-inter-level travel time spent in this place.
 C = Inter-level travel time spent in this place.
 D = Time resting spent in this place.
 E = Time spent auto-exploring this place.
 F = Levels seen in this place.
 G = Mean time per level.
                   A        B        C        D        E       F      G
               +--------+--------+--------+--------+--------+-----+--------+
         Total |  15214 |  14433 |    781 |   2826 |   8690 |  15 | 1014.3 |
       Dungeon |  13947 |  13191 |    756 |   2681 |   7889 |  13 | 1072.8 |
          Lair |   1267 |   1243 |     24 |    145 |    800 |   2 |  633.5 |
               +--------+--------+--------+--------+--------+-----+--------+

Top non-repeatable levels by time:
    D:11: 2224 daAuts
    D:10: 1695 daAuts
    D:12: 1625 daAuts
     D:7: 1360 daAuts
     D:8: 1280 daAuts
  Lair:1: 1225 daAuts
     D:6: 1151 daAuts
     D:1: 984 daAuts
     D:5: 777 daAuts
     D:2: 765 daAuts
     D:3: 745 daAuts
     D:4: 740 daAuts
     D:9: 496 daAuts
    D:13: 101 daAuts
  Lair:2: 41 daAuts
